 Dungeon Crawl Stone Soup version 0.19-a0-994-g3c636f0 (webtiles) character file.

602 mrath the Grave Robber (level 7, -1/46 HPs)
             Began as a Demonspawn Necromancer on July 17, 2016.
             Was an Initiate of Vehumet.
             Slain by Duvessa
             ... wielding a +2 short sword of draining
              (3 damage)
             ... while paralysed by Grinder
             ... on level 5 of the Dungeon on July 18, 2016.
             The game lasted 00:47:24 (6814 turns).

mrath the Grave Robber (Demonspawn Necromancer)     Turns: 6814, Time: 00:47:25

Health: -1/46      AC:  3    Str:  8    XL:     7   Next: 18%
Magic:  16/16      EV:  2    Int: 19    God:    Vehumet [......]
Gold:   184        SH:  0    Dex: 13    Spells: 5 memorised, 6 levels left

rFire  + . .     SeeInvis .     B - +0 short sword
rCold  . . .     Gourm    .     a - +1 robe
rNeg   . . .     Faith    .     (no shield)
rPois  .         Spirit   .     (no helmet)
rElec  .         Dismiss  .     (no cloak)
rCorr  .         Reflect  .     (no gloves)
SustAt .         Harm     .     (no boots)
MR     .....                    (no amulet)
Stlth  ++........               y - ring of protection from fire
                                x - ring of stealth

@: paralysed, heavily drained, not resistant to hostile enchantments, unstealthy
A: claws 2, spiny 2
a: Renounce Religion


You were on level 5 of the Dungeon.
You worshipped Vehumet.
Vehumet was noncommittal.
You were not hungry.

You visited 1 branch of the dungeon, and saw 5 of its levels.

You collected 184 gold pieces.

Inventory:

Hand Weapons
 d - a +0 trident of venom
 f - a +0 dagger
 g - a +0 spear
 t - a +0 broad axe
 B - a +0 short sword (weapon)
 C - a +0 mace
 G - a +0 whip
Missiles
 e - 175 stones (quivered)
 m - 19 sling bullets
 q - 12 poisoned needles
 u - 5 poisoned tomahawks
 w - a throwing net
Armour
 a - a +1 robe (worn)
 k - a +0 leather armour
Jewellery
 n - an uncursed ring of wizardry {unknown}
 r - an uncursed ring of protection from cold
 x - a ring of stealth (left claw)
 y - a ring of protection from fire (right claw)
Wands
 z - a wand of acid (10/15)
Scrolls
 o - 2 scrolls of identify
 v - 2 scrolls of magic mapping {unknown}
 D - a scroll of enchant weapon {unknown}
Potions
 h - a potion of cancellation {unknown}
 j - a potion of mutation {unknown}
 l - a potion of curing {unknown}
 p - a potion of brilliance {unknown}
 A - a potion of flight {unknown}
 H - a potion of magic {unknown}
Books
 b - a book of Necromancy

   Spells                             Type                      Level
   a - Pain                           Necromancy                   1
   b - Animate Skeleton               Necromancy                   1
   c - Vampiric Draining              Necromancy                   3
   d - Regeneration                   Charms/Necromancy            3
   e - Animate Dead                   Necromancy                   4
   f - Control Undead                 Necromancy                   4
Comestibles
 c - 4 bread rations
 i - a royal jelly
 s - 2 meat rations
 E - 6 chunks of flesh


   Skills:
 + Level 0.2(0.0) Fighting
 + Level 0.1(0.0) Armour
 + Level 1.7(0.0) Dodging
 - Level 1.7(0.0) Stealth
 * Level 6.2(3.8) Spellcasting
 + Level 0.1(0.0) Charms
 + Level 6.2(3.8) Necromancy
 + Level 0.2(0.0) Evocations


You had 6 spell levels left.
You knew the following spells:

 Your Spells              Type           Power        Failure   Level  Hunger
a - Pain                  Necr           ###.         3%          1    None
b - Animate Skeleton      Necr           N/A          3%          1    None
c - Vampiric Draining     Necr           ###.......   12%         3    ###....
d - Control Undead        Necr           ###.......   34%         4    ####...
e - Regeneration          Chrm/Necr      ##........   21%         3    ###....


Dungeon Overview and Level Annotations

Branches:
Dungeon (5/15)
 Temple: D:4-7

Altars:
Vehumet
Yredelemnul

Annotations:
D:5 Dowan, Duvessa, Grinder, Sigmund


Innate Abilities, Weirdness & Mutations

You have very sharp fingernails.
You are mostly covered in sharp spines.


Message History

You closely miss Duvessa.
Duvessa is heavily wounded.
Duvessa hits you with a short sword of draining.
You feel drained.
Your giant newt skeleton bites Duvessa.
You hit Duvessa but do no damage.
Duvessa is heavily wounded.
Duvessa hits you with a short sword of draining!
* * * LOW HITPOINT WARNING * * *
You feel drained.
* * * LOW HITPOINT WARNING * * *
Your giant newt skeleton bites Duvessa but does no damage.
Duvessa barely misses you. Duvessa hits you but does no damage.
You feel drained. Grinder gestures at you.
You suddenly lose the ability to move!
Your giant newt skeleton bites Duvessa but does no damage.
Duvessa hits you with a short sword of draining!
* * * LOW HITPOINT WARNING * * *
You feel drained.
You die...

### #..............##
..## #..............>#
...## #...............#
....####...5...........##
.....##.....e...........#
........#..............#
.......###..).........##
......## ##...Z......##
......# #....e@...##
......# ##.......##
......# ##...)...#
......# ##.[....# ......#
#.......# ......#
##......# ......#
##......# #.......#
##......#


You could see Grinder, Duvessa, Dowan and a friendly giant newt skeleton.

Vanquished Creatures
  2 phantoms (D:4)
  4 hounds (D:4)
  An iguana (D:4)
  A worker ant (D:3)
  4 gnolls (D:4)
  8 adders
  An adder skeleton (D:4)
  4 worms
  A dart slug (D:3)
  A giant gecko (D:2)
  4 orcs
  9 bats
  5 giant cockroaches
  7 hobgoblins
  6 jackals
  A quokka (D:3)
  A ball python (D:2)
  A giant gecko skeleton (D:4)
  13 giant newts
  9 goblins
  5 kobolds
  7 rats
95 creatures vanquished.

Vanquished Creatures (collateral kills)
  A crimson imp (D:4)
  A worker ant (D:4)
  A hobgoblin (D:1)
  A quokka skeleton (D:4)
4 creatures vanquished.

Vanquished Creatures (others)
  5 toadstools (D:1)
5 creatures vanquished.

Grand Total: 104 creatures vanquished

Notes
Turn   | Place    | Note
-------+----------+-------------------------------------------
     0 | D:1      | mrath the Demonspawn Necromancer began the quest for the Orb.
     0 | D:1      | Reached XP level 1. HP: 13/13 MP: 3/3
    33 | D:1      | Learned a level 1 spell: Animate Skeleton
   625 | D:1      | Gained mutation: You are partially covered in sharp spines. [demonic ancestry]
   625 | D:1      | Reached XP level 2. HP: 8/19 MP: 3/5
  2194 | D:2      | Reached XP level 3. HP: 19/24 MP: 7/7
  2540 | D:2      | Learned a level 3 spell: Vampiric Draining
  3064 | D:2      | Gained mutation: You have sharp fingernails. [demonic ancestry]
  3064 | D:2      | Reached XP level 4. HP: 24/30 MP: 6/9
  3512 | D:2      | Found a basalt altar of Yredelemnul.
  4109 | D:3      | Reached skill level 5 in Necromancy
  4204 | D:4      | Found a radiant altar of Vehumet.
  4266 | D:3      | Gained mutation: You are mostly covered in sharp spines. [demonic ancestry]
  4266 | D:3      | Reached XP level 5. HP: 15/35 MP: 8/11
  4655 | D:4      | Became a worshipper of Vehumet
  4899 | D:4      | Noticed a phantom
  4997 | D:4      | Reached skill level 5 in Spellcasting
  5151 | D:4      | Reached XP level 6. HP: 38/41 MP: 13/13
  5367 | D:3      | Learned a level 4 spell: Control Undead
  5987 | D:3      | Learned a level 3 spell: Regeneration
  6278 | D:4      | Gained mutation: You have very sharp fingernails. [demonic ancestry]
  6278 | D:4      | Reached XP level 7. HP: 10/46 MP: 14/16
  6675 | D:5      | Entered Level 5 of the Dungeon
  6675 | D:5      | Noticed Sigmund
  6787 | D:5      | Noticed Grinder
  6789 | D:5      | Noticed Dowan
  6791 | D:5      | Noticed Duvessa
  6813 | D:5      | Paralysed by Grinder for 6 turns
  6814 | D:5      | HP: 2/46 [Duvessa/short sword of draining (9)]
  6814 | D:5      | Slain by Duvessa

Vault maps used:
D:1:      ldierk_walled_garden
D:2:      lemuel_upstairs_altar, first_bread, minmay_newt_pond
D:3:      roderic_bali_sauvastika, minivault_4
D:4:      minmay_misc_feat_diagonals, grunt_ministairs_12, lemuel_tele_altar
D:5:      serial_shops, nicolae_shop_trees, uniq_sigmund, uniq_duvessa,
          uniq_grinder

Skill      XL: |  1  2  3  4  5  6 |
---------------+-------------------+-----
Spellcasting   | 3 4 5 6 |  6.2
Necromancy     | 5 6 |  6.2
Fighting       | |  0.2
Armour         | |  0.1
Dodging        | |  1.7
Stealth        | |  1.7
Charms         | |  0.1
Evocations     | |  0.2

Action                   |  1- 3 |  4- 6 |  7- 9 || total
-------------------------+-------+-------+-------++-------
Melee: Dagger            |    70 |    79 |       ||   149
       Short sword       |       |    14 |    21 ||    35
 Cast: Pain              |    48 |    44 |     2 ||    94
       Animate Skeleton  |     3 |     9 |     2 ||    14
       Vampiric Draining |     1 |     2 |       ||     3
       Control Undead    |       |     3 |       ||     3
       Regeneration      |       |     1 |       ||     1
Evoke: Wand              |       |     4 |     1 ||     5
  Use: Scroll            |       |     6 |       ||     6
 Stab: Sleeping          |       |     1 |     1 ||     2
       Distracted        |       |     1 |       ||     1
  Eat: Chunk             |     7 |    10 |       ||    17
       Royal jelly       |       |       |     1 ||     1
Armor: Robe              |    13 |    16 |     3 ||    32
Dodge: Dodged            |    37 |    63 |     9 ||   109
